Map: Proxima Station LE

Players

ByuN

  • Race: Terran Terran
  • Spawn Location: 7:00

Stats - Winner!

  • Race: Protoss Protoss
  • Spawn Location: 1:00

Event: IEM XI Katowice - World Championship 2017

VOD

https://www.youtube.com/watch?v=Deaqn5a4Jbo&t=3701s

Description

Time

  • Played on: March 4, 2017, 2:57 p.m.
  • Length: 21:25

All games in this series

Show
View Real Time Build Order
Export as new Build Order

ByuN Terran 

Build Orders: Liberator Opening, Reaper Expand, MMM Bio 

Get SALT Encoding   

  12  0:00  SCV  
  13  0:12  SCV  
  14  0:18  Supply Depot  
  14  0:24  SCV  
  14  0:27  Refinery  
  15  0:39  SCV  
  16  0:44  Barracks  
  16  0:51  SCV  
  17  1:03  SCV  
  18  1:15  SCV  
  19  1:31  Reaper, Orbital Command  
  20  1:43  Command Center  
  20  1:52  Factory  
  20  1:57  SCV  
  21  2:03  Refinery  
  21  2:05  Barracks Reactor  
  21  2:09  SCV  
  21  2:15  Supply Depot  
  22  2:21  SCV  
  23  2:36  Starport  
  24  2:37  SCV  
  24  2:40  Widow Mine  
  24  2:41  Marine x2  
  28  2:49  SCV  
  29  2:55  Orbital Command  
  29  2:59  Marine  
  29  3:00  Marine  
  29  3:01  SCV  
  31  3:10  Cyclone  
  34  3:16  Medivac  
  34  3:18  Marine  
  34  3:19  Marine  
  37  3:24  SCV  
  37  3:25  SCV  
  40  3:32  Barracks  
  40  3:33  Liberator  
  40  3:35  Supply Depot  
  40  3:38  SCV  
  40  3:39  SCV  
  42  3:43  Factory Tech Lab  
  45  3:56  SCV  
  45  3:57  SCV  
  45  3:58  Marine, Supply Depot  
  45  3:59  Marine  
  49  4:08  SCV  
  49  4:09  SCV  
  51  4:18  Marine x2  
  51  4:20  SCV  
  51  4:21  SCV  
  51  4:22  Barracks  
  55  4:27  Engineering Bay  
  55  4:28  Factory Tech Lab  
  55  4:29  Marine  
  56  4:32  Stimpack, SCV  
  56  4:33  SCV  
  56  4:35  Supply Depot  
  56  4:36  Starport Reactor  
  56  4:38  Marine x2  
  59  4:44  SCV  
  59  4:45  SCV  
  62  4:51  Refinery  
  62  4:55  Terran Infantry Weapons Level 1  
  62  4:56  Marine x3  
  62  4:59  Supply Depot, SCV, Factory Reactor  
  66  5:00  SCV  
  67  5:11  SCV  
  67  5:12  SCV  
  69  5:14  Marine  
  69  5:15  Marine  
  69  5:23  SCV  
  69  5:24  Marine  
  69  5:25  SCV  
  70  5:31  Marauder  
  70  5:33  Marauder  
  70  5:34  Refinery  
  70  5:35  Supply Depot, SCV  
  73  5:36  Supply Depot, Medivac x2  
  73  5:42  Missile Turret, SCV  
  79  5:43  Marine  
  79  5:44  Marine  
  79  5:49  SCV  
  81  5:55  Marauder x2  
  86  5:58  Widow Mine x2  
  89  6:06  Marine x2  
  89  6:10  Medivac x2  
  93  6:16  Supply Depot  
  93  6:21  Combat Shields  
  93  6:29  Marine x2, Marauder  
  93  6:30  Marauder  
  99  6:33  Concussive Shells  
  99  6:37  Command Center  
  99  6:46  SCV x2  
  101  6:56  Viking x2, Barracks  
  101  6:59  Barracks  
  101  7:01  Terran Infantry Armor Level 1, Supply Depot  
  105  7:03  SCV  
  105  7:04  SCV  
  107  7:15  SCV  
  108  7:16  SCV  
  108  7:18  Starport  
  109  7:27  SCV  
  109  7:28  SCV  
  111  7:31  Marine x2, Marauder x2  
  117  7:39  SCV  
  117  7:40  Viking  
  118  7:45  Viking, SCV  
  118  7:50  Orbital Command  
  117  7:51  Barracks Tech Lab, SCV, Barracks Reactor  
  117  7:53  Armory  
  117  7:57  SCV  
  119  7:59  Engineering Bay  
  119  8:03  Marine x2, Marauder, SCV  
  119  8:04  Marauder  
  126  8:09  SCV  
  126  8:12  Viking x2  
  129  8:16  SCV  
  129  8:19  Viking x2  
  131  8:21  SCV  
  131  8:22  SCV  
  133  8:27  Supply Depot x2  
  133  8:28  SCV  
  135  8:40  Ghost Academy  
  137  8:42  Viking  
  137  8:43  Supply Depot  
  137  8:44  Refinery x2  
  137  8:46  Viking  
  137  8:48  Terran Infantry Weapons Level 2  
  138  8:49  Viking  
  138  8:53  Terran Ship Weapons Level 1  
  138  8:54  Marine x4  
  144  8:56  Marine  
  144  8:57  Marine  
  144  8:58  Marine  
  144  9:01  Missile Turret  
  147  9:08  Terran Infantry Armor Level 2  
  147  9:14  Marine x5  
  147  9:15  Marine  
  147  9:16  Marine  
  154  9:19  Supply Depot  
  154  9:20  Supply Depot  
  154  9:22  Viking  
  154  9:23  Viking  
  158  9:28  Viking  
  158  9:29  Viking  
  163  9:40  Marine x3  
  163  9:41  Marine  
  163  9:42  Ghost x2  
  170  9:46  Supply Depot, Ghost  
  172  9:59  Command Center  
  172  10:04  Viking x2  
  176  10:09  Viking x2  
  180  10:16  Ghost  
  175  10:37  Ghost x2  
  178  10:47  Missile Turret  
  175  10:51  Ghost  
  177  11:03  Marine x4  
  181  11:06  Terran Infantry Weapons Level 3, Ghost x2  
  185  11:21  Liberator x2  
  183  11:27  Terran Infantry Armor Level 3  
  179  11:40  Marine x6  
  179  11:42  Marine  
  179  11:46  Planetary Fortress, Barracks  
  186  11:47  Barracks  
  186  11:48  Liberator x2, Barracks  
  186  11:58  SCV x2  
  186  11:59  SCV  
  189  12:06  Marine x3  
  189  12:07  Marine  
  197  12:22  Marauder  
  198  12:34  Ghost  
  198  12:35  Barracks Tech Lab x2, Barracks Reactor  
  200  12:37  Missile Turret  
  200  12:40  Liberator x2  
  200  12:47  Liberator x2  
  172  13:07  SCV x3  
  172  13:16  Marine x6  
  172  13:17  Marine  
  178  13:23  Marine x2  
  178  13:26  Marine  
  178  13:27  Marine  
  164  13:31  SCV x2  
  164  13:34  Marine x6  
  146  13:35  Marauder, SCV  
  146  13:36  Liberator  
  149  13:41  Marauder  
  149  13:43  SCV x2  
  149  13:46  Ghost x2  
  149  13:47  Ghost, SCV  
  157  13:55  SCV x2  
  162  13:58  Ghost  
  164  14:05  Marine  
  164  14:06  Marine x3  
  168  14:23  Marine x4  
  172  14:24  Ghost  
  172  14:30  Ghost  
  176  14:36  Command Center  
  176  14:37  Liberator x2  
  171  14:56  Marine x2  
  171  14:57  Marine x4  
  171  14:58  Marine x2  
  171  14:59  Ghost x2  
  189  15:10  Marine  
  190  15:14  Marine x4  
  190  15:15  Marine  
  190  15:16  Marauder  
  190  15:20  Marine x2  
  174  15:32  Marine x2  
  174  15:34  Marauder x2  
  182  15:35  Marauder  
  182  15:37  Marauder  
  180  15:48  Ghost  
  179  15:54  Ghost  
  167  15:59  Marine x4  
  167  16:00  Marine x2  
  167  16:01  Marine x2  
  167  16:02  Marauder  
  142  16:16  Marine x2  
  142  16:17  Marine x3  
  142  16:18  Marine, Marauder  
  150  16:19  Marauder x2  
  150  16:23  Marine, Marauder  
  123  16:34  Marine x2  
  123  16:35  Marine x4  
  123  16:38  Ghost  
  123  16:39  Planetary Fortress  
  131  16:40  Marine, Ghost  
  131  16:41  Marine  
  131  16:44  Marine  
  136  16:52  Marine x2  
  138  16:59  Sensor Tower, Marauder x2  
  142  17:02  Ghost  
  142  17:07  Ghost  
  146  17:09  Ghost  
  148  17:17  Missile Turret  
  147  17:27  Missile Turret  
  147  17:28  Ghost  
  148  17:33  Refinery  
  147  17:40  Marine x7  
  153  17:49  Ghost x2  
  157  17:56  Marine  
  157  17:57  Marine  
  157  17:58  Marine x2  
  158  17:59  Missile Turret  
  158  18:01  Marine x2  
  149  18:23  Marine x2  
  143  18:32  Marine x5  
  143  18:33  Marauder x3  
  142  18:53  Marine, Marauder x2  
  142  18:54  Marauder  
  142  18:55  Marauder x2  
  134  19:06  Viking x4  
  139  19:17  Marine x8  
  147  19:25  SCV x2  
  149  19:51  Marine x2  
  149  19:52  Marine x2  
  153  19:53  Marine  
  151  20:11  Missile Turret  
  145  20:29  Marine  
  145  20:30  Marine x3  
  145  20:34  Orbital Command  
  147  20:37  Marine  
  147  20:38  Marine  
  133  21:04  Marine x5  
  133  21:05  Marine  
Show
View Real Time Build Order
Export as new Build Order

Stats Protoss - Winner!

Build Orders: 1 Gate Expand, Colossus Rush 

Get SALT Encoding   

  12  0:00  Probe (Chrono Boost)  
  13  0:11  Probe (Chrono Boost)  
  14  0:17  Pylon  
  14  0:22  Probe (Chrono Boost)  
  15  0:35  Probe (Chrono Boost)  
  16  0:36  Gateway  
  16  0:41  Assimilator  
  16  0:46  Probe (Chrono Boost)  
  17  0:56  Probe (Chrono Boost)  
  18  1:07  Probe (Chrono Boost)  
  19  1:17  Probe (Chrono Boost)  
  20  1:25  Nexus  
  20  1:31  Cybernetics Core  
  20  1:34  Probe (Chrono Boost)  
  20  1:39  Assimilator  
  21  1:45  Probe (Chrono Boost)  
  22  1:50  Pylon  
  22  1:55  Probe (Chrono Boost)  
  23  2:04  Adept  
  23  2:08  Warp Gate  
  26  2:09  Probe (Chrono Boost)  
  26  2:21  Probe (Chrono Boost)  
  27  2:31  Adept  
  27  2:33  Probe (Chrono Boost)  
  27  2:34  Robotics Facility  
  31  2:37  Probe (Chrono Boost)  
  31  2:43  Probe (Chrono Boost)  
  32  2:47  Probe (Chrono Boost)  
  33  2:54  Probe (Chrono Boost)  
  33  2:58  Probe (Chrono Boost)  
  37  3:06  Mothership Core (Chrono Boost)  
  37  3:09  Probe (Chrono Boost)  
  37  3:12  Gateway  
  38  3:13  Gateway  
  38  3:19  Probe (Chrono Boost)  
  39  3:22  Observer  
  39  3:24  Probe (Chrono Boost)  
  39  3:26  Assimilator  
  41  3:29  Assimilator  
  41  3:30  Pylon, Probe (Chrono Boost)  
  42  3:34  Probe (Chrono Boost)  
  42  3:39  Robotics Bay  
  44  3:41  Probe (Chrono Boost)  
  44  3:42  Observer  
  44  3:46  Probe (Chrono Boost)  
  46  3:51  Pylon  
  46  3:52  Probe (Chrono Boost)  
  47  3:59  Probe (Chrono Boost)  
  47  4:00  Observer  
  49  4:03  Probe (Chrono Boost)  
  51  4:10  Stalker x3  
  51  4:11  Probe (Chrono Boost)  
  57  4:17  Probe (Chrono Boost)  
  57  4:20  Pylon  
  57  4:23  Probe (Chrono Boost)  
  59  4:30  Colossus  
  65  4:39  Stalker x2  
  65  4:42  Extended Thermal Lance  
  69  4:47  Pylon  
  69  4:48  Pylon  
  69  5:00  Forge  
  69  5:03  Forge  
  69  5:09  Probe x2 (Chrono Boost)  
  69  5:10  Adept  
  73  5:16  Stalker  
  73  5:19  Stalker  
  73  5:20  Colossus  
  75  5:30  Protoss Ground Weapons Level 1  
  77  5:36  Probe x2 (Chrono Boost)  
  77  5:38  Protoss Ground Armor Level 1  
  76  6:03  Probe x2 (Chrono Boost)  
  77  6:13  Pylon, Colossus  
  77  6:15  Pylon, Probe x2 (Chrono Boost)  
  79  6:20  Nexus  
  79  6:21  Pylon  
  79  6:23  Pylon  
  79  6:24  Pylon  
  83  6:37  Stalker x3  
  88  6:45  Pylon  
  88  6:49  Probe x2 (Chrono Boost)  
  88  6:53  Twilight Council  
  92  7:01  Probe x2 (Chrono Boost)  
  92  7:02  Sentry x3  
  92  7:03  Pylon  
  92  7:07  Observer  
  99  7:13  Probe (Chrono Boost)  
  99  7:14  Probe (Chrono Boost)  
  101  7:21  Protoss Ground Armor Level 2, Protoss Ground Weapons Level 2  
  101  7:26  Gateway x2  
  101  7:27  Pylon, Adept x2, Probe x2 (Chrono Boost)  
  101  7:29  Adept  
  108  7:52  Resonating Glaives  
  108  7:56  Adept x3  
  114  8:02  Probe (Chrono Boost)  
  114  8:04  Probe x2 (Chrono Boost)  
  117  8:09  Pylon  
  117  8:16  Probe (Chrono Boost)  
  117  8:18  Probe x2 (Chrono Boost)  
  118  8:21  Adept x2  
  118  8:22  Adept  
  118  8:24  Adept x2  
  128  8:28  Pylon  
  128  8:32  Pylon  
  131  8:34  Probe x3 (Chrono Boost)  
  131  8:39  Gateway  
  131  8:40  Gateway  
  131  8:43  Warp Prism  
  133  8:50  Assimilator  
  133  8:51  Assimilator, Templar Archives  
  133  8:57  Stalker x2  
  133  8:59  Stalker  
  139  9:05  Adept x2  
  143  9:13  Pylon  
  143  9:20  Pylon  
  143  9:30  Protoss Ground Armor Level 3, Protoss Ground Weapons Level 3  
  142  9:31  Observer  
  142  9:33  Blink  
  142  9:36  Adept x3  
  142  9:37  Adept x2  
  153  9:47  Pylon  
  153  9:53  Psionic Storm  
  153  10:01  Observer  
  153  10:04  Adept x3  
  153  10:05  Adept  
  162  10:13  Stalker x2  
  162  10:14  Stalker  
  166  10:22  Warp Prism  
  166  10:26  Nexus  
  168  10:30  Pylon  
  168  10:40  High Templar x2  
  168  10:42  High Templar  
  166  10:51  Pylon  
  166  10:52  Probe x3 (Chrono Boost)  
  166  10:53  High Templar, Adept  
  166  10:55  Photon Cannon x2  
  173  10:58  Photon Cannon  
  173  11:00  Immortal  
  177  11:06  Gateway  
  177  11:07  Gateway  
  175  11:14  Assimilator  
  175  11:16  Photon Cannon  
  175  11:18  High Templar x2  
  177  11:22  Archon  
  177  11:28  Adept x4  
  183  11:36  Archon  
  183  11:39  Immortal  
  174  11:40  Adept  
  174  11:42  Dark Shrine  
  176  11:53  Probe (Chrono Boost)  
  180  11:54  Probe x3 (Chrono Boost)  
  180  11:55  Assimilator  
  180  12:05  High Templar  
  180  12:06  High Templar x2  
  186  12:10  Photon Cannon  
  186  12:13  Photon Cannon  
  186  12:14  Pylon  
  184  12:20  Adept x5  
  192  12:23  Immortal  
  192  12:25  Protoss Shields Level 1  
  184  12:37  Adept  
  184  12:38  Adept x3  
  192  12:44  Adept x2  
  192  12:45  Adept x2  
  182  13:07  Adept x3  
  182  13:08  Adept x6  
  182  13:11  Shadow Stride  
  194  13:23  Archon x2  
  162  13:32  High Templar x4  
  140  13:35  Colossus  
  140  13:41  Stalker x2  
  146  13:42  Adept  
  146  14:04  Stalker x4  
  146  14:05  Stalker x4  
  146  14:06  Adept  
  164  14:17  Nexus  
  164  14:27  Pylon  
  164  14:29  Immortal  
  164  14:30  High Templar  
  164  14:31  High Templar  
  172  14:33  Pylon  
  172  14:40  Adept x4  
  178  14:57  Stalker x2  
  178  14:59  Adept  
  184  15:07  Adept x4  
  182  15:08  Warp Prism  
  182  15:10  Adept x6  
  192  15:35  Stalker x4  
  184  15:44  Colossus  
  184  15:47  Sentry  
  184  15:48  Sentry  
  188  15:50  Adept x3  
  160  16:01  Archon x2  
  146  16:11  High Templar x4, Adept  
  146  16:12  Adept x4  
  145  16:35  Archon  
  145  16:38  Adept x5  
  155  16:41  Colossus  
  161  16:48  Assimilator x2  
  161  16:54  Stalker x2  
  161  16:55  Stalker  
  161  16:58  Adept  
  169  17:02  Adept x2  
  173  17:30  Warp Prism  
  175  17:43  Dark Templar x5  
  185  17:44  Nexus  
  185  17:45  Pylon  
  185  17:54  Adept x4  
  193  18:08  Photon Cannon  
  193  18:09  Photon Cannon  
  193  18:11  Photon Cannon  
  193  18:12  Pylon  
  193  18:16  Dark Templar  
  193  18:17  Dark Templar x2  
  150  18:37  Adept x5  
  150  18:38  Adept  
  150  18:49  Dark Templar x2  
  150  18:50  Zealot  
  132  19:07  Stalker x3  
  132  19:08  Zealot x3  
  140  19:13  Assimilator  
  140  19:15  Adept  
  142  19:18  Assimilator  
  136  19:47  Probe (Chrono Boost)  
  136  19:48  Probe x2 (Chrono Boost)  
  136  19:49  Probe (Chrono Boost)  
  140  19:56  Adept  
  140  19:57  Adept x8  
  140  19:59  Nexus  
  158  20:00  Pylon  
  152  20:29  Stalker x2  
  152  20:30  Stalker x5  
  166  20:37  Disruptor  
  167  20:59  Adept  
  167  21:00  Adept x4  
  167  21:02  Archon  
  165  21:07  Archon  
  165  21:10  Adept x4  

Tags
 
Add a new tag
Caveats
  • Supply blocks, unpowered buildings, or Contaminate may cause inaccurate times.
  • Supply counts are checked every 10 seconds.